 Dungeon Crawl Stone Soup version 0.29-a0-719-g0fec994a2d (webtiles) character file.

Game seed: 5892929023100704437

156 Bruhh the Cudgeller (level 5, -2/50 HPs)
             Began as an Ogre Gladiator on June 27, 2022.
             Slain by an orc
             ... wielding a +0 short sword
              (6 damage)
             ... on level 3 of the Dungeon.
             The game lasted 00:03:18 (4448 turns).

Bruhh the Cudgeller (Ogre Gladiator)                Turns: 4448, Time: 00:03:18

Health: -2/50      AC:  3    Str: 20    XL:     5   Next: 38%
Magic:  5/5        EV: 10    Int:  9    God:
Gold:   241        SH:  0    Dex: 10    Spells: 4/4 levels left

rFire   + . .      SeeInvis .   e - +0 morningstar
rCold   + . .      Faith    .   (no shield)
rNeg    + . .      Spirit   .   b - +0 robe
rPois   +          Reflect  .   c - +0 hat
rElec   +          Harm     .   (no cloak)
rCorr   +          Rampage  .   (gloves unavailable)
Will    .....                   (boots unavailable)
Stlth   +.........              (no amulet)
HPRegen 0.16/turn               g - ring of positive energy
MPRegen 0.09/turn               (no ring)

@: confused, lethally poisoned (-2 -> -10), resistant, ambrosia-drunk
A: large, unfitting armour, tough skin 1
a: no special abilities


You were on level 3 of the Dungeon.
You visited 1 branch of the dungeon, and saw 4 of its levels.

You collected 241 gold pieces.

Inventory:

Hand Weapons
 a - a +0 flail
 e - a +0 morningstar (weapon)
 p - the +7 dagger of the People {vorpal, Int+4}
   (You found it on level 2 of the Dungeon)

   It inflicts extra damage upon your enemies.
   Int:       It affects your intelligence (+4).
Missiles
 d - 3 throwing nets (quivered)
 f - a large rock
Armour
 b - a +0 robe (worn)
 c - a +0 hat (worn)
Jewellery
 g - a ring of positive energy (left hand)
Wands
 k - a wand of iceblast (10)
Scrolls
 j - 2 scrolls of teleportation {unknown}
 m - 3 scrolls of identify {unknown}
 n - 2 scrolls of poison {unknown}
 q - a scroll of summoning {unknown}
 r - a scroll of magic mapping {unknown}
Potions
 o - a potion of berserk rage {unknown}
 s - a potion of heal wounds {unknown}


   Skills:
 - Level 2.6 Fighting
 + Level 5.4 Maces & Flails
 - Level 2.0 Throwing
 - Level 2.6 Dodging


You had 4 spell levels left.
You didn't know any spells.
Your spell library contained the following spells:

 Spells                   Type           Power      Damage    Failure   Level
 Ensorcelled Hibernation  Hex/Ice        0%         N/A       52%         2
 Passwall                 Tmut/Erth      0%         N/A       52%         2
 Call Canine Familiar     Summ           0%         N/A       77%         3
 Portal Projectile        Hex/Tloc       0%         N/A       77%         3
 Swiftness                Air            0%         N/A       77%         3
 Leda's Liquefaction      Hex/Erth       0%         N/A       99%         4


Dungeon Overview and Level Annotations

Branches:
Dungeon (4/15)
 Temple: D:4-7

Altars:


Innate Abilities, Weirdness & Mutations

You are too large for most types of armour.
You have tough skin. (AC +1)


Message History

You feel very sick. The orc hits you but does no damage.
You are more poisoned.
You barely miss the orc.
The orc is heavily wounded.
You feel very sick.
An orc comes into view. It is wielding a +0 club.
The orc hits you with a +0 short sword.
The orc hits you with a +2 dagger of venom.
You are more poisoned.
The orc attacks as you move away! The orc barely misses you.
The orc attacks as you move away!
The orc hits you with a +2 dagger of venom.
You are more poisoned.
You feel extremely sick.
There is a stone staircase leading up here.
You feel very sick. The orc barely misses you.
The orc hits you with a +0 short sword.
You climb upwards.
* * * LOW HITPOINT WARNING * * *
You feel very sick.
There is a stone staircase leading down here.
Unknown command.
It was a potion of resistance.
You feel protected.
* * * LOW HITPOINT WARNING * * *
You feel very sick.
The orc hits you with a +2 dagger of venom.
* * * LOW HITPOINT WARNING * * *
The orc hits you with a +0 short sword.
* * * LOW HITPOINT WARNING * * *
It was a potion of ambrosia.
You are confused.
You feel invigorated.
* * * LOW HITPOINT WARNING * * *
You feel sick.
The orc hits you with a +2 dagger of venom.
* * * LOW HITPOINT WARNING * * *
The orc hits you with a +0 short sword.
You die...

.# #.# #.# #.##
.## #.# #.# #.##
..#######
#.#######.# #.#
........#
#......##.## #.#
..#####.#
######.#.#.## #.#
### #.# #..###.#
#.## #.# #.#.#..#
#.## #.#
##########.##.#.#
#... #.#
#....o@o...####.#
#### #.#
#.########## #.#
# #.# #.# #.# #.#
#.# #.# # #.# #.#
#.# # #.# #.# #.#
# #.# #.# #.# #
#.# #.# #.#######
#.# #<###########
#........


You could see 2 orcs.

Vanquished Creatures
  An orc wizard (D:3)
  3 gnolls (D:2)
  3 adders (D:2)
  A worm (D:2)
  8 orcs (D:3)
  5 ball pythons
  8 endoplasms
  A giant cockroach (D:3)
  6 goblins
  8 hobgoblins
  5 kobolds
  A quokka (D:1)
  8 bats
  5 frilled lizards
  A rat (D:2)
64 creatures vanquished.

Notes
Turn   | Place    | Note
-------+----------+-------------------------------------------
     0 | D:1      | Bruhh the Ogre Gladiator began the quest for the Orb.
     0 | D:1      | Reached XP level 1. HP: 22/22 MP: 1/1
    34 | D:1      | Reached skill level 3 in Maces & Flails
   190 | D:1      | Reached XP level 2. HP: 29/29 MP: 2/2
   344 | D:1      | Found a faded altar of an unknown god.
  1084 | D:2      | Reached XP level 3. HP: 36/36 MP: 3/3
  1209 | D:2      | Reached skill level 4 in Maces & Flails
  1641 | D:2      | Reached XP level 4. HP: 20/44 MP: 4/4
  2592 | D:2      | Identified the +7 dagger of the People {vorpal, Int+4}
  3137 | D:3      | Reached skill level 5 in Maces & Flails
  3137 | D:3      | Reached XP level 5. HP: 13/50 MP: 5/5
  4448 | D:3      | Slain by an orc

Illustrated notes

Levels and vault maps discovered:
D:1:      mrwooster_arrival_statue_2, layout_loops_ring,
          hellmonk_ecumenical_altar_lost_god, minmay_stone_trees_small,
          chequers_arboretum, minmay_split_cup_small
D:2:      minmay_chambers_of_ones, layout_rooms, minmay_misc_feat_columns,
          grunt_ministairs_13
D:3:      layout_loops_ring
D:4:      layout_rooms, grunt_decor_mini_mirrors, nrook_loot_triangle

Skill      XL: |  1  2  3  4 |
---------------+-------------+-----
Maces & Flails | 3 4 5 |  5.4
Fighting       | |  2.6
Throwing       | |  2.0
Dodging        | |  2.6

Action                   |  1- 3 |  4- 6 || total
-------------------------+-------+-------++-------
Melee: Flail             |    96 |    57 ||   153
       Punch             |     2 |       ||     2
       Dagger            |       |    30 ||    30
       Morningstar       |       |    10 ||    10
Throw: Large rock        |       |     2 ||     2
       Throwing net      |       |     1 ||     1
  Use: Potion            |       |     5 ||     5
 Stab: Sleeping          |     2 |       ||     2
Armor: Robe              |    48 |    28 ||    76
Dodge: Dodged            |    48 |    51 ||    99

Table legend: (Time is in decaauts)
 A = Elapsed time spent in this place.
 B = Non-inter-level travel time spent in this place.
 C = Inter-level travel time spent in this place.
 D = Time resting spent in this place.
 E = Time spent auto-exploring this place.
 F = Levels seen in this place.
 G = Mean time per level.
                   A        B        C        D        E       F      G
               +--------+--------+--------+--------+--------+-----+--------+
         Total |   4465 |   4296 |    169 |    309 |   3435 |   4 | 1116.2 |
       Dungeon |   4465 |   4296 |    169 |    309 |   3435 |   4 | 1116.2 |
               +--------+--------+--------+--------+--------+-----+--------+

Top non-repeatable levels by time:
     D:2: 1698 daAuts
     D:1: 1418 daAuts
     D:3: 1306 daAuts
     D:4: 41 daAuts
